 Dungeon Crawl Stone Soup version 0.30-a0-802-gb92711bcdf (webtiles) character file.

Game seed: 13766380242292836647

6141 bande the Cleaver (level 10, -2/96 HPs)
             Began as a Gargoyle Fighter on Feb 23, 2023.
             Was an Elder of Okawaru.
             Slain by an ogre
             ... wielding a +0 halberd
              (10 damage)
             ... in a bailey.
             The game lasted 00:15:14 (8105 turns).

bande the Cleaver (Gargoyle Fighter)                Turns: 8105, Time: 00:15:15

Health: -2/96      AC: 42    Str: 28    XL:     10   Next: 90%
Magic:  0/14       EV: 12    Int: 10    God:    Okawaru [****..]
Gold:   511        SH:  5    Dex: 13    Spells: 9/9 levels left

rFire   . . .      SeeInvis .    a - +0 war axe
rCold   . . .      Faith    .    c - +0 buckler
rNeg    + . .      Spirit   +    C - +14 plate armour "Ycadifex" {Rampage rF- Will- Str+9}
rPois   ∞          Reflect  .    y - +2 helmet
rElec   +          Harm     .    x - +1 cloak {rPois}
rCorr   .          Rampage  +    H - +0 pair of gloves
Will    .....                    b - +0 pair of boots Stlth
                                 m - amulet of guardian spirit
HPRegen 0.36/turn                E - +5 ring of evasion
MPRegen 0.14/turn                t - ring of protection from fire

@: berserking (expiring), slow
A: sickness immunity, AC +7, negative energy resistance 1, electricity
resistance, torment resistance 1, petrification resistance
a: Renounce Religion, Heroism, Finesse


You were in a bailey.
You worshipped Okawaru.
Okawaru was greatly pleased with you.
You visited 1 branch of the dungeon, and saw 10 of its levels.
You also visited: Bailey.

You collected 511 gold pieces.

Inventory:

Hand Weapons
 a - a +0 war axe (weapon)
 r - a +0 flail of protection
Missiles
 v - a throwing net (quivered)
Armour
 b - a +0 pair of boots (worn)
 c - a +0 buckler (worn)
 u - a +0 chain mail
 x - a +1 cloak of poison resistance (worn)
 y - a +2 helmet (worn)
 C - the +14 plate armour "Ycadifex" (worn) {Rampage rF- Will- Str+9}
   (You acquired it on level 8 of the Dungeon)

   Str:       It affects your strength (+9).
   rF:        It makes you vulnerable to fire.
   Rampage:   It bestows one free step when moving towards enemies.
   Will:      It decreases your willpower.
 H - a +0 pair of gloves (worn)
Jewellery
 e - a ring of protection from cold
 m - an amulet of guardian spirit (around neck)
 n - an amulet of reflection
 p - a ring of protection from fire
 t - a ring of protection from fire (right hand)
 w - a ring of flight
 E - a +5 ring of evasion (left hand)
Wands
 A - a wand of polymorph (13)
Scrolls
 f - 2 scrolls of blinking
 g - 3 scrolls of enchant armour
 h - 4 scrolls of identify
 k - 9 scrolls of teleportation
 q - 2 scrolls of magic mapping
 s - 4 scrolls of silence
 D - 5 scrolls of poison
Potions
 d - 2 potions of might
 i - 2 potions of haste
 j - 2 potions of berserk rage
 l - 2 potions of mutation
 o - a potion of brilliance
 z - a potion of magic {unknown}
 I - a potion of resistance
 J - a potion of flight


   Skills:
 + Level 7.7 Fighting
 + Level 10.4 Axes
 + Level 7.3 Armour
 - Level 0.1 Stealth
 + Level 6.6 Shields
 * Level 6.1 Invocations


You had 9 spell levels left.
You didn't know any spells.
Your spell library contained the following spells:

 Spells                   Type           Power      Damage    Failure   Level
 Wereblood                Tmut           0%         N/A       100%        2
 Dispel Undead            Necr           0%         3d6       100%        4
 Cigotuvi's Dreadful Rot  Necr/Pois/Air  Unusable   N/A       N/A         2
 Sublimation of Blood     Necr           Unusable   N/A       N/A         2
 Death Channel            Necr           Unusable   N/A       N/A         6
 Summon Hydra             Summ           Unusable   N/A       N/A         7

Dungeon Overview and Level Annotations

Branches:
Dungeon (10/15)            Temple (0/1) D:6             Orc (0/2) D:9
 Bailey (1/1)
   Lair: D:8-11

Altars:
Ashenzari
Elyvilon
Fedhas
Gozag
Hepliaklqana
Kikubaaqudgha
Nemelex Xobeh
Okawaru
Qazlal
Ru
Trog
Uskayaw
Xom
Yredelemnul
Zin

Shops:
D:7 :   D:9 *


Innate Abilities, Weirdness & Mutations

You are immune to sickness and miasma.
Your stone body is resilient. (AC +7)
You are immune to poison.
You resist negative energy. (rN+)
You are resistant to electric shocks. (rElec)
You are resistant to unholy torment.
You are immune to petrification.


Message History

You block the ogre's attack.
The spriggan hits you but does no damage.
The ogre hits you from afar with a +0 halberd!!
* * * LOW HITPOINT WARNING * * *
Unknown command.
You rampage towards the ogre!
You slash the ogre!
The ogre is moderately wounded.
You slash the ogre! You block the ogre's attack.
The ogre hits you but does no damage. x2
The spriggan hits you from afar with a +0 spear.
* * * LOW HITPOINT WARNING * * *
You block the ogre's attack.
Unknown command.
A red film seems to cover your vision as you go berserk!
You feel yourself moving faster!
You feel mighty!
The spriggan hits you but does no damage.
The ogre hits you but does no damage. The ogre hits you with a +0 halberd!
* * * LOW HITPOINT WARNING * * *
The ogre hits you but does no damage.
You slice the ogre!!
You kill the ogre!
Okawaru accepts your kill.
You barely miss the ogre. The ogre hits you but does no damage.
You block the spriggan's attack. You block the ogre's attack.
Things that are here:
a +0 halberd; an ogre corpse You slice the ogre!!
You kill the ogre!
Okawaru accepts your kill.
You hear a splash.
You rampage towards the ogre!
You enter the shallow water.
Moving in this stuff is going to be slow.
You barely miss the ogre. The spriggan barely misses you.
The ogre hits you but does no damage.
You barely miss the ogre. The ogre completely misses you.
You block the spriggan's attack.
Your unstable footing causes you to fumble your attack.
The ogre hits you from afar with a +0 halberd!
You die...

...# ### #..#
##.## #..#
##...## #..##
#.....#
#..###.....##
#..~)~..∩...#
#iO~~~......#
#..~~~......#
#.)@O~......#
#..~~~..∩...#
#..###.....##
#..## #.....#
#..# ##...##
#..# ##.##
...# ### ..#


You could see 2 ogres and a spriggan.

Vanquished Creatures
  A two-headed ogre (D:8)
  A wraith (D:9)
  A spriggan (Bailey)
  A shadow (D:9)
  3 yaks (D:9)
  A wyvern (D:9)
  A steam dragon (D:6)
  A warg (D:9)
  3 water moccasins
  A sky beast (D:8)
  2 orc warriors (D:9)
  2 ice beasts
  A black bear (D:6)
  5 ogres
  4 centaurs
  A phantom (D:6)
  A kobold brigand (D:7)
  Blork the orc (D:4)
  7 bullfrogs
  A necrophage (D:5)
  2 scorpions
  12 wights
  6 killer bees (D:7)
  A howler monkey (D:5)
  A hound (D:6)
  2 jellies (D:4)
  4 orc priests
  Crazy Yiuf (D:3)
  A gnoll bouda (D:4)
  4 iguanas
  7 orc wizards
  Robin (D:4)
  16 gnolls
  7 adders
  2 shadow imps
  A white imp (D:8)
  3 ufetubi
  4 worms (D:2)
  2 dart slugs
  36 orcs
  6 endoplasms
  3 giant cockroaches
  15 goblins
  11 hobgoblins
  8 jackals
  10 kobolds
  4 quokkas
  6 ball pythons
  8 bats
  4 frilled lizards
  5 rats
232 creatures vanquished.

Notes
Turn   | Place    | Note
-------+----------+-------------------------------------------
     0 | D:1      | bande the Gargoyle Fighter began the quest for the Orb.
     0 | D:1      | Reached XP level 1. HP: 14/14 MP: 1/1
   146 | D:1      | Reached XP level 2. HP: 19/19 MP: 2/2
   504 | D:1      | Reached skill level 2 in Axes
   551 | D:1      | Reached XP level 3. HP: 23/23 MP: 3/3
  1078 | D:2      | Reached XP level 4. HP: 29/29 MP: 4/4
  1943 | D:3      | Reached skill level 3 in Axes
  1982 | D:3      | Noticed a scorpion
  1995 | D:3      | Killed a scorpion
  1996 | D:3      | Reached XP level 5. HP: 31/33 MP: 3/5
  2268 | D:3      | Found a runed translucent door.
  2269 | D:3      | Noticed Crazy Yiuf
  2647 | D:3      | Killed Crazy Yiuf
  2710 | D:4      | Reached skill level 4 in Axes
  2736 | D:4      | Reached XP level 6. HP: 38/38 MP: 6/6
  2739 | D:4      | Found a sparkling altar of Nemelex Xobeh.
  2739 | D:4      | Found a hide-covered altar of Uskayaw.
  2851 | D:4      | Noticed Robin
  2860 | D:4      | Killed Robin
  3025 | D:4      | Noticed Blork the orc
  3042 | D:4      | Killed Blork the orc
  3140 | D:4      | Reached XP level 7. HP: 37/44 MP: 3/7
  3313 | D:4      | Reached skill level 5 in Axes
  3770 | D:5      | Entered Level 5 of the Dungeon
  3795 | D:5      | Reached skill level 5 in Fighting
  3795 | D:5      | Reached skill level 6 in Axes
  3869 | D:5      | Reached XP level 8. HP: 42/49 MP: 6/8
  4080 | D:5      | Reached skill level 5 in Armour
  4283 | D:5      | Found an iron altar of Okawaru.
  4312 | D:5      | Became a worshipper of Warmaster Okawaru
  4556 | D:6      | Found a stormy altar of Qazlal.
  4562 | D:6      | Found a staircase to the Ecumenical Temple.
  4595 | D:6      | Reached skill level 7 in Axes
  4595 | D:6      | Reached skill level 1 in Invocations
  4687 | D:6      | Reached skill level 5 in Shields
  4700 | D:6      | Found a bloodstained altar of Trog.
  4840 | D:6      | Reached XP level 9. HP: 51/55 MP: 8/10
  4849 | D:6      | Reached * piety under Okawaru
  5194 | D:6      | Reached skill level 8 in Axes
  5689 | D:7      | Found a white marble altar of Elyvilon.
  6110 | D:7      | Found Estenwe's Book Shop.
  6162 | D:7      | Found an ancient bone altar of Kikubaaqudgha.
  6162 | D:7      | Found a broken altar of Ashenzari.
  6258 | D:7      | Found a shimmering altar of Xom.
  6420 | D:7      | Reached ** piety under Okawaru
  6658 | D:7      | Reached skill level 9 in Axes
  6675 | D:8      | Reached XP level 10. HP: 55/61 MP: 11/13
  6707 | D:8      | Identified a scroll of acquirement
  6707 | D:8      | Acquired the +14 plate armour "Ycadifex" {Rampage rF- Will-
                  | Str+9}
  6745 | D:8      | Found an opulent altar of Gozag.
  6913 | D:8      | Noticed a two-headed ogre
  6926 | D:8      | Killed a two-headed ogre
  6926 | D:8      | Reached *** piety under Okawaru
  6927 | D:8      | Reached skill level 5 in Invocations
  7125 | D:8      | Found a hazy altar of Hepliaklqana.
  7220 | D:9      | Noticed a seven-headed hydra
  7220 | D:9      | Noticed a tengu warrior
  7231 | D:9      | Noticed a centaur warrior
  7231 | D:9      | Noticed a centaur warrior
  7231 | D:9      | Noticed a black mamba
  7232 | D:9      | Noticed a wizard
  7271 | D:9      | Found a staircase to the Orcish Mines.
  7384 | D:9      | Received a gift from Okawaru
  7385 | D:9      | Reached skill level 10 in Axes
  7450 | D:9      | Found a basalt altar of Yredelemnul.
  7646 | D:9      | Found Inaggi's Assorted Antiques.
  7802 | D:9      | Found a blossoming altar of Fedhas.
  7900 | D:9      | Found a sacrificial altar of Ru.
  7935 | D:9      | Reached **** piety under Okawaru
  7999 | D:9      | Found a glowing silver altar of Zin.
  8016 | D:9      | Noticed an iron giant
  8054 | D:10     | Entered Level 10 of the Dungeon
  8065 | D:10     | Found a flagged portal.
  8069 | D:10     | Identified the +2 halberd of Prudence {freeze, Contam rElec
                  | Int+8}
  8074 | Bailey   | Entered a bailey
  8105 | Bailey   | Slain by an ogre

Illustrated notes

Levels and vault maps discovered:
D:1:      erik_arrival_triangle_small, layout_basic, hex_intersection
D:2:      wad_river_or_something, layout_basic, grunt_decor_one_mirror
D:3:      layout_basic, uniq_crazy_yiuf_cottage
D:4:      layout_basic, nicolae_overflow_two_pavilions, minmay_misc_feat_tower,
          uniq_blork_the_orc, uniq_robin
D:5:      layout_cave_pools, mainiacjoe_overflow_catwalk
D:6:      minmay_razor_zed, layout_loops_ring, marbit_many_paths,
          general_overflow_altar, minmay_temple_entry_overgrown
D:7:      layout_rooms, elyvilon_altar_3, xom_butterflies,
          gammafunk_temple_overflow_wave, serial_shops, nicolae_square_shop
D:8:      layout_rooms, worldfamousw_hep_ancestral_shrine, lemuel_crystal_altar
D:9:      layout_long_grid, fedhas_altar_2, mainiacjoe_overflow_alcove_1,
          zin_statuary, amcnicky_altar_gilded, david_orc_3, serial_shops,
          nicolae_diamond_shop, minivault_12
D:10:     nicolae_cairo_tiling_very_big, layout_long_grid, enter_bailey_2
Bailey:   bailey_polearm_enchanted_keep_hellmonk, bailey

Skill      XL: |  1  2  3  4  5  6  7  8  9 10 |
---------------+-------------------------------+-----
Axes           | 2 3 4 6 7 9 10 | 10.4
Armour         | 4 5 6 7 |  7.3
Fighting       | 4 5 6 7 |  7.7
Shields        | 4 5 6 |  6.6
Invocations    | 2 4 6 |  6.1
Stealth        | |  0.1

Action                     |  1- 3 |  4- 6 |  7- 9 | 10-12 || total
---------------------------+-------+-------+-------+-------++-------
  Melee: War axe           |    99 |   158 |   412 |   183 ||   852
    Use: Scroll            |       |     5 |    11 |     7 ||    23
         Potion            |       |       |     1 |     1 ||     2
 Armour: Scale mail        |    60 |    84 |   138 |       ||   282
         Chain mail        |       |       |   303 |     5 ||   308
         Plate armour      |       |       |       |   142 ||   142
  Dodge: Dodged            |    49 |    83 |   220 |   118 ||   470
  Block: Buckler           |    20 |    45 |   147 |    60 ||   272

Table legend: (Time is in decaauts)
 A = Elapsed time spent in this place.
 B = Non-inter-level travel time spent in this place.
 C = Inter-level travel time spent in this place.
 D = Time resting spent in this place.
 E = Time spent auto-exploring this place.
 F = Levels seen in this place.
 G = Mean time per level.
                   A        B        C        D        E       F      G
               +--------+--------+--------+--------+--------+-----+--------+
         Total |   8296 |   8097 |    199 |    575 |   5588 |  11 |  754.2 |
       Dungeon |   8265 |   8066 |    199 |    575 |   5586 |  10 |  826.5 |
        Bailey |     31 |     31 |      0 |      0 |      2 |   1 |   31.0 |
               +--------+--------+--------+--------+--------+-----+--------+

Top non-repeatable levels by time:
     D:2: 1207 daAuts
     D:4: 1108 daAuts
     D:6: 1052 daAuts
     D:7: 1048 daAuts
     D:3: 943 daAuts
     D:9: 860 daAuts
     D:5: 793 daAuts
     D:1: 633 daAuts
     D:8: 598 daAuts
  Bailey: 31 daAuts
    D:10: 19 daAuts
